 Dungeon Crawl Stone Soup version 0.31-a0-237-g2d982f9f85 (webtiles) character file.

Game seed: 15265873563677501218

1898 qw the Skirmisher (level 9, -2/55 HPs)
             Began as a Gargoyle Hexslinger on July 10, 2023.
             Slain by a wraith (7 damage)
             ... on level 1 of the Abyss.
             The game lasted 00:02:32 (4795 turns).

qw the Skirmisher (Gargoyle Hexslinger)             Turns: 4795, Time: 00:02:32

Health: -2/55      AC: 13    Str: 11    XL:     9   Next: 15%
Magic:  10/10      EV: 17    Int: 15    God:
Gold:   328        SH:  0    Dex: 16    Spells: 9/10 levels left

rFire   + . .        h - +0 shortbow
rCold   . . .        (shield currently unavailable)
rNeg    + . .        n - +1 leather armour {rF+}
rPois   inf          (no helmet)
rElec   +            (no cloak)
rCorr   .            (no gloves)
SInv    .            b - +2 pair of boots
Will    .....        (no amulet)
Stlth   +            j - +5 ring of evasion
HPRegen 0.29/turn    (no ring)
MPRegen 0.12/turn

%: no passive effects
@: slowed, very slow
A: sickness immunity, AC +6, negative energy resistance 1, electricity
resistance, torment resistance 1, petrification resistance
a: no special abilities


You were on level 1 of the Abyss.
You visited 1 branch of the dungeon, and saw 6 of its levels.
You visited the Abyss 1 time.
You also visited: Sewer.

You collected 328 gold pieces.


Innate Abilities, Weirdness & Mutations

You are immune to sickness and miasma.
Your stone body is resilient. (AC +6)
You are immune to poison.
You resist negative energy. (rN+)
You are resistant to electric shocks. (rElec)
You are resistant to unholy torment.
You are immune to petrification.


   Skills:
 - Level 6.1 Fighting
 - Level 10.0 Ranged Weapons
 - Level 1.3 Armour
 + Level 2.2 Dodging
 - Level 1.0 Spellcasting
 - Level 2.6 Hexes


You had 9 spell levels left.
You knew the following spells:

 Your Spells              Type           Power      Damage    Failure   Level
a - Slow                  Hex            32%        N/A       11%         1

Your spell library contained the following spells:

 Spells                   Type           Power      Damage    Failure   Level
 Inner Flame              Hex/Fire       4%         N/A       50%         3
 Portal Projectile        Hex/Tloc       8%         N/A       50%         3
 Cause Fear               Hex            4%         N/A       71%         4

Inventory:

Hand Weapons
 h - a +0 shortbow (weapon)
Armour
 b - a +2 pair of boots (worn)
 n - a +1 leather armour of fire resistance (worn)
Jewellery
 j - a +5 ring of evasion (left hand)
Scrolls
 a - a scroll of identify
Potions
 c - a potion of haste {unknown}
 d - a potion of invisibility {unknown}
 f - a potion of resistance {unknown}
 g - 2 potions of might {unknown}
 i - a potion of cancellation {unknown}
 l - a potion of mutation {unknown}
 m - a potion of brilliance {unknown}

Dungeon Overview and Level Annotations

Branches:
Dungeon (6/15)              Sewer (visited)
 Temple: D:4-7

Altars:
Kikubaaqudgha
Makhleb

Annotations:
D:3 3 runed translucent doors, qw's ghost, amateur GrHs
D:4 2 transporters, qw's ghost, amateur MiHs


Message History

You shoot an arrow.
The arrow hits the wraith but does no damage.
The wraith hits you. The wraith drains your vigour!
You feel yourself slow down.
You shoot an arrow.
The arrow hits the wraith but does no damage.
The wraith completely misses you.
You shoot an arrow. The arrow hits the wraith.
The wraith is lightly damaged.
The wraith closely misses you.
You shoot an arrow.
The arrow hits the wraith but does no damage.
The wraith is lightly damaged.
The wraith hits you but does no damage. x2
You shoot an arrow. The arrow completely misses the wraith.
The wraith hits you but does no damage.
You shoot an arrow. The arrow hits the wraith.
The wraith is moderately damaged.
The wraith barely misses you. The wraith hits you but does no damage.
You shoot an arrow.
The arrow hits the wraith but does no damage.
The wraith is moderately damaged.
The wraith hits you. The wraith drains your vigour!
You feel as though you will be slow longer.
You shoot an arrow. The arrow hits the wraith.
The wraith is moderately damaged.
The wraith barely misses you.
You shoot an arrow. The arrow barely misses the wraith.
The wraith misses you. The wraith hits you.
You shoot an arrow.
The arrow hits the wraith but does no damage.
The wraith is moderately damaged.
The wraith hits you but does no damage.
You shoot an arrow.
The arrow hits the wraith but does no damage.
The wraith is moderately damaged.
The wraith closely misses you.
You shoot an arrow. The arrow hits the wraith.
The wraith is heavily damaged.
The wraith misses you. The wraith hits you!
You die...

.#.#
...
..#
..#
#.#
#.#
#.#
#@#
#W#
#.#
#.#
#.#
_.#
...
###


You could see a wraith.

Vanquished Creatures
  An efreet (Abyss:1)
  2 water moccasins
  An ice beast (D:5)
  A sky beast (D:6)
  A centaur (D:6)
  A phantom (D:6)
  A bullfrog (D:6)
  A scorpion (D:5)
  8 wights (D:6)
  2 hounds (D:5)
  2 orc priests (D:5)
  4 iguanas (D:5)
  2 orc wizards (D:6)
  6 gnolls
  10 adders
  A white imp (D:6)
  An ufetubus (D:4)
  4 worms
  3 dart slugs
  19 orcs
  6 ball pythons
  8 endoplasms
  6 giant cockroaches
  5 goblins
  7 hobgoblins
  14 jackals (D:1)
  8 kobolds
  A quokka (D:2)
  15 bats
  2 frilled lizards
  10 rats
153 creatures vanquished.

Notes
Turn   | Place    | Note
-------+----------+-------------------------------------------
     0 | D:1      | qw the Gargoyle Hexslinger began the quest for the Orb.
     0 | D:1      | Reached XP level 1. HP: 12/12 MP: 2/2
     0 | D:1      | 0 ||| qw: Version: 0.3-a-52-g30416fa
     0 | D:1      | 0 ||| qw: Game counter: 5224
     0 | D:1      | 0 ||| qw: Melee chars always use a shield: true
     0 | D:1      | 0 ||| qw: God list: Okawaru
     0 | D:1      | 0 ||| qw: Allow faded altars: false
     0 | D:1      | 0 ||| qw: Do Orc after clearing Dungeon:15 true
     0 | D:1      | 0 ||| qw: Do second Lair branch before Depths: true
     0 | D:1      | 0 ||| qw: Lair rune preference: random
     0 | D:1      | 0 ||| qw: Goals: Normal
     0 | D:1      | 0 ||| PLANNING D:1-11
   130 | D:1      | Reached XP level 2. HP: 16/16 MP: 3/3
   191 | D:1      | Reached skill level 3 in Ranged Weapons
   321 | D:1      | Reached XP level 3. HP: 21/21 MP: 4/4
   712 | D:1      | 712 ||| READING scroll labelled ZOLABB ISOINY COIN.
   713 | D:1      | 713 ||| DROPPING scroll of poison.
   783 | D:2      | Reached XP level 4. HP: 26/26 MP: 5/5
   798 | D:2      | Reached skill level 4 in Ranged Weapons
  1343 | D:2      | 1343 ||| UPGRADING to +0 ring mail.
  1353 | D:2      | 1353 ||| DROPPING +0 robe.
  1354 | D:2      | 1354 ||| UPGRADING to +5 ring of evasion.
  1355 | D:2      | 1355 ||| READING scroll labelled VATAEXKIXUP.
  1356 | D:2      | 1356 ||| READING scroll labelled ITZOLESEMMOI.
  1471 | D:3      | Reached XP level 5. HP: 24/30 MP: 6/6
  1479 | D:3      | Reached skill level 1 in Armour
  1529 | D:3      | Found a runed translucent gate.
  1529 | D:3      | Found a runed translucent gate.
  1529 | D:3      | Found a runed translucent gate.
  1531 | D:3      | Noticed qw's ghost (amateur GrHs)
  1561 | D:3      | Found an ancient bone altar of Kikubaaqudgha.
  1647 | D:3      | Reached skill level 5 in Ranged Weapons
  2147 | D:3      | 2147 ||| UPGRADING to +2 pair of boots.
  2152 | D:3      | 2152 ||| READING scroll labelled EMUGRE PATZO.
  2293 | D:4      | Noticed qw's ghost (amateur MiHs)
  2294 | D:4      | Noticed an ancient zyme
  2496 | D:4      | Found a burning altar of Makhleb.
  2628 | D:4      | Found a transporter.
  2654 | D:4      | Found a transporter.
  2850 | D:4      | 2850 ||| UPGRADING to +1 leather armour of fire resistance.
  2860 | D:4      | 2860 ||| DROPPING +0 ring mail.
  2861 | D:4      | 2861 ||| READING scroll labelled RECRIO NECUY.
  2862 | D:4      | 2862 ||| READING scroll labelled XONAICW UCKINT.
  2863 | D:4      | 2863 ||| READING scroll labelled XYFEZE SAIGEA.
  2864 | D:4      | 2864 ||| READING scroll labelled BIKHLE IGOUGEFA.
  2868 | D:4      | 2868 ||| DRINKING 4 sedimented orange potions.
  2903 | D:5      | Entered Level 5 of the Dungeon
  2904 | D:5      | 2904 ||| PLANNING SEWER
  2914 | D:5      | Reached skill level 3 in Fighting
  2918 | D:5      | Noticed a water moccasin
  2927 | D:5      | Killed a water moccasin
  2928 | D:5      | Reached XP level 6. HP: 27/37 MP: 7/7
  3019 | D:5      | Noticed an ice beast
  3029 | D:5      | Killed an ice beast
  3030 | D:5      | Reached skill level 6 in Ranged Weapons
  3039 | D:5      | Reached XP level 7. HP: 41/41 MP: 8/8
  3141 | D:5      | Found a glowing drain.
  3145 | D:5      | 3145 ||| Stepping ~*~*~tactically~*~*~ (water).
  3157 | Sewer    | Entered a sewer
  3216 | Sewer    | Reached skill level 7 in Ranged Weapons
  3254 | Sewer    | 3254 ||| READING scroll labelled LUERUEF ATEFAN.
  3275 | D:5      | 3275 ||| PLANNING D:1-11
  3687 | D:5      | 3687 ||| READING scroll labelled ROMACS MOABB.
  3688 | D:5      | 3688 ||| DRINKING 2 ruby potions.
  3689 | D:5      | 3689 ||| DRINKING 2 glowing coppery potions.
  3734 | D:5      | 3734 ||| DROPPING potion of magic.
  3735 | D:5      | 3735 ||| DROPPING potion of lignification.
  3801 | D:6      | Reached XP level 8. HP: 48/48 MP: 9/9
  3812 | D:6      | HP: 6/48 [wight/+5 battleaxe (11)]
  3813 | D:6      | 3813 ||| DRINKING 4 potions of heal wounds.
  3817 | D:6      | Reached skill level 8 in Ranged Weapons
  3969 | D:6      | 3969 ||| Stepping ~*~*~tactically~*~*~ (outnumbered).
  4007 | D:6      | HP: 2/49 [wight/+2 battleaxe (11)]
  4008 | D:6      | 4008 ||| DRINKING 3 potions of heal wounds.
  4010 | D:6      | Reached skill level 9 in Ranged Weapons
  4021 | D:6      | HP: 12/50 [something/magic dart (4)]
  4300 | D:6      | Reached skill level 6 in Fighting
  4314 | D:6      | 4314 ||| Stepping ~*~*~tactically~*~*~ (water).
  4316 | D:6      | 4316 ||| Stepping ~*~*~tactically~*~*~ (water).
  4325 | D:6      | 4325 ||| Stepping ~*~*~tactically~*~*~ (water).
  4332 | D:6      | 4332 ||| Stepping ~*~*~tactically~*~*~ (water).
  4578 | D:6      | 4578 ||| SWAPPING to +0 shortbow.
  4579 | D:6      | 4579 ||| DROPPING +1 sling of electrocution.
  4695 | D:6      | Reached XP level 9. HP: 50/55 MP: 10/10
  4704 | Abyss:1  | Found a corrupted altar of Lugonu.
  4704 | Abyss:1  | Cast into level 1 of the Abyss (gnoll sergeant)
  4754 | Abyss:1  | Noticed an efreet
  4772 | Abyss:1  | HP: 9/55 [efreet/+0 scimitar of flaming (9)]
  4773 | Abyss:1  | 4773 ||| DRINKING 2 potions of heal wounds.
  4778 | Abyss:1  | HP: 9/55 [efreet/fireball (10)]
  4779 | Abyss:1  | 4779 ||| DRINKING potion of heal wounds.
  4783 | Abyss:1  | Killed an efreet
  4784 | Abyss:1  | Reached skill level 10 in Ranged Weapons
  4784 | Abyss:1  | HP: 8/55 [wraith (6)]
  4790 | Abyss:1  | HP: 6/55 [wraith (4)]
  4795 | Abyss:1  | Slain by a wraith

Levels and vault maps discovered:
D:1:      spicycebolla_arrival_xxxplode, layout_basic, hangedman_decor_push
D:2:      layout_loops_ring, minmay_heptomino_o4
D:3:      layout_basic, kiku_gazebo_pond_becter, gammafunk_ghost_split,
          minmay_box_of_dots
D:4:      layout_gridville, bloody_makhleb, gammafunk_ghost_abyssal_escape
D:5:      layout_gridville, cheibrodos_sewer_entry_bend
D:6:      layout_basic
Abyss:1:  base:
D:5

Skill      XL: |  1  2  3  4  5  6  7  8  9 |
---------------+----------------------------+-----
Ranged Weapons | 3 4 5 6 7 9 10 | 10.0
Fighting       | 2 3 4 6 |  6.1
Armour         | 1 |  1.3
Dodging        | 2 |  2.2
Spellcasting   | |  1.0
Hexes          | |  2.6

Action                     |  1- 3 |  4- 6 |  7- 9 || total
---------------------------+-------+-------+-------++-------
   Fire: Sling             |   111 |   284 |   246 ||   641
         Shortbow          |       |       |    60 ||    60
    Use: Scroll            |     1 |     7 |     2 ||    10
         Potion            |       |     1 |     6 ||     7
 Armour: Robe              |    32 |     7 |       ||    39
         Ring mail         |       |    51 |       ||    51
         Leather armour    |       |     2 |    75 ||    77
  Dodge: Dodged            |    72 |   156 |   157 ||   385

Table legend:
 A = Non-vault XP
 B = Vault XP
 C = Vault XP percentage of total XP
 D = Non-vault monster count
 E = Vault monster count
 F = Vault count percentage of total count
                 A         B        C        D         E       F
            +---------+---------+-------+---------+---------+-------
      Total |    2529 |     183 |   6.7 |     137 |      16 |  10.5
            +---------+---------+-------+---------+---------+-------
        D:1 |      64 |       0 |   0.0 |      37 |       0 |   0.0
        D:2 |      65 |      20 |  23.5 |      18 |       6 |  25.0
        D:3 |     115 |       3 |   2.5 |      24 |       2 |   7.7
        D:4 |      28 |       0 |   0.0 |      10 |       0 |   0.0
        D:5 |     705 |       5 |   0.7 |      22 |       1 |   4.3
        D:6 |    1219 |       0 |   0.0 |      25 |       0 |   0.0
    Abyss:1 |     333 |       0 |   0.0 |       1 |       0 |   0.0
      Sewer |       0 |     155 | 100.0 |       0 |       7 | 100.0
            +---------+---------+-------+---------+---------+-------
